AoeStats
← Alemdar

Arabia

510108075Analyzed
1v1 RM · 4d ago on Sep 29, 2026· 22m 35s· 2 players
Game mode
Random Map
Map size
Tiny (2 player)
Population
200
Speed
Normal
Resources
Standard
Victory
Conquest
Starting age
Dark Age
Ending age
Imperial Age
RankedLock teamsTeams togetherTeam positionsShared explorationLock speedFull tech treeHidden civsTurbo modeCheats
Victory
Defeat
🇹🇷 Magyars · Türkiye
1445
+17
🇨🇱 Tatars · Chile
1457
-17
Alemdar
8:19 Loom
12:15 Feudal Age
16:09 Castle Age
15:32 Scale Barding Armor
BIG BALLS!
6:14 Loom
9:18 Feudal Age
9:47 Double-Bit Axe
10:15 Horse Collar
17:40 Town Watch
20:59 Castle Age
21:18 Scale Mail Armor
22:39 Forging
25:02 Castle Age
Connection lost

Rejoining the realm…

Still unreachable

The connection could not be restored.

Session expired

The server has moved on; the page needs a fresh start.